 Dungeon Crawl Stone Soup version 0.24.0-123-gd5b16e6ec5 (webtiles) character file.

Game seed: 2104813651079215207, levelgen mode: deterministic

1018 Curus the Basher (level 8, -4/64 HPs)
             Began as a Minotaur Fighter on Dec 30, 2019.
             Was a Believer of Okawaru.
             Killed by divine providence
             ... invoked by an orc priest
              (10 damage)
             ... on level 5 of the Dungeon.
             The game lasted 00:16:22 (3458 turns).

Curus the Basher (Minotaur Fighter)                 Turns: 3458, Time: 00:16:23

Health: -4/64      AC: 15    Str: 26    XL:     8   Next: 2%
Magic:  4/7        EV:  8    Int:  7    God:    Okawaru [**....]
Gold:   193        SH: 11    Dex: 10    Spells: 7/7 levels left

rFire    . . .     SeeInvis .   a - +0 flail
rCold    . . .     Gourm    .   c - +0 shield
rNeg     . . .     Faith    .   l - +0 plate armour
rPois    .         Spirit   .   (helmet restricted)
rElec    .         Reflect  .   m - +0 cloak
rCorr    .         Harm     .   (no gloves)
MR       .....                  (no boots)
Stlth    ..........             (no amulet)
HPRegen  0.20/turn              (no ring)
MPRegen  0.10/turn              (no ring)

@: mighty, heroism
A: retaliatory headbutt, horns 2
a: Heroism, Renounce Religion


You were on level 5 of the Dungeon.
You worshipped Okawaru.
Okawaru was pleased with you.
You were hungry.

You visited 1 branch of the dungeon, and saw 5 of its levels.

You collected 193 gold pieces.

Inventory:

Hand Weapons
 a - a +0 flail (weapon)
 p - a +1 lajatang of electrocution
Armour
 b - a +0 scale mail
 c - a +0 shield (worn)
 h - a +3 chain mail of magic resistance
 l - a +0 plate armour (worn)
 m - a +0 cloak (worn)
Jewellery
 o - an uncursed ring of fire
Wands
 i - a wand of random effects (16)
Scrolls
 e - 4 scrolls of magic mapping
 g - 4 scrolls of remove curse
 j - 2 scrolls of identify
 k - 3 scrolls of teleportation
 n - 2 scrolls of noise
 s - a scroll of enchant armour
Potions
 d - 2 potions of might
 r - a potion of flight
Comestibles
 f - 6 rations


   Skills:
 - Level 3.6(8.6) Fighting
 + Level 11.2(16.2) Maces & Flails
 - Level 3.6(8.6) Armour
 - Level 3.6(8.6) Shields


You had 7 spell levels left.
You didn't know any spells.
Your spell library was empty.

Dungeon Overview and Level Annotations

Branches:
Dungeon (5/15)
 Temple: D:4-7

Altars:
Hepliaklqana
Okawaru
Trog
Wu Jian
Xom
Zin

Shops:
D:5 =


Innate Abilities, Weirdness & Mutations

You reflexively headbutt those who attack you in melee.
You have a pair of horns on your head.


Message History

The sky beast is moderately wounded.
The orc hits you but does no damage. You block the sky beast's attack.
You sock the sky beast! You headbutt the sky beast!
The sky beast is almost dead.
You block the orc's attack. The sky beast hits you.
* * * LOW HITPOINT WARNING * * *
The sky beast shocks you.
* * * LOW HITPOINT WARNING * * *
You gain the combat prowess of a mighty hero.
The orc hits you but does no damage.
The sky beast hits you but does no damage.
You barely miss the sky beast. You headbutt the sky beast.
You kill the sky beast!
Okawaru accepts your kill.
Your base Maces & Flails skill increases to level 11!
You have reached level 8!
You feel stronger.
The orc priest invokes the aid of Beogh against you.
Beogh smites you!
You die...

#....
###+##......
#....#......
#...........
#...........
#...........
#...........
#...)o.o....
#...@#.....
##)...# .o.
###...### .
#.#)#.#
#.#.#.#
#.#.#.#######+
#.............
#...#.########
#####.####
#.+...+.#


You could see an orc priest and an orc.

Vanquished Creatures
  A sky beast (D:5)
  2 scorpions (D:4)
  A hound (D:5)
  2 crimson imps (D:5)
  5 orc priests
  4 orc wizards
  An iguana (D:5)
  2 centaur skeletons (D:5)
  Ijyb (D:4)
  3 worker ants
  Terence (D:2)
  11 adders
  2 oozes
  An adder zombie (D:5)
  2 adder skeletons
  4 worms
  2 dart slugs
  5 leopard geckos
  26 orcs
  6 giant cockroaches
  7 goblins
  5 hobgoblins
  3 jackals (D:3)
  7 kobolds
  4 quokkas
  9 bats
  7 frilled lizards
  6 rats
130 creatures vanquished.

Notes
Turn   | Place    | Note
-------+----------+-------------------------------------------
     0 | D:1      | Curus the Minotaur Fighter began the quest for the Orb.
     0 | D:1      | Reached XP level 1. HP: 19/19 MP: 0/0
    44 | D:1      | Reached skill level 3 in Maces & Flails
   127 | D:1      | Reached XP level 2. HP: 25/26 MP: 1/1
   351 | D:1      | Reached skill level 4 in Maces & Flails
   535 | D:1      | Found an iron altar of Okawaru.
   540 | D:1      | Reached XP level 3. HP: 27/31 MP: 2/2
   550 | D:1      | Became a worshipper of Warmaster Okawaru
   745 | D:2      | Noticed Terence
   760 | D:2      | Killed Terence
   760 | D:2      | Reached skill level 5 in Maces & Flails
   808 | D:2      | Found a shimmering altar of Xom.
   864 | D:2      | Reached XP level 4. HP: 38/39 MP: 3/3
   907 | D:2      | You fall into a shaft and drop 1 floor!
  1156 | D:2      | Found a bloodstained altar of Trog.
  1444 | D:3      | Found a hazy altar of Hepliaklqana.
  1486 | D:3      | Reached skill level 6 in Maces & Flails
  1712 | D:3      | Reached XP level 5. HP: 43/45 MP: 4/4
  1896 | D:3      | Reached skill level 7 in Maces & Flails
  1929 | D:3      | Found an ornate altar of the Wu Jian Council.
  2169 | D:4      | Found a glowing silver altar of Zin.
  2227 | D:4      | Noticed Ijyb
  2235 | D:4      | Killed Ijyb
  2235 | D:4      | Reached XP level 6. HP: 51/51 MP: 5/5
  2274 | D:4      | Reached * piety under Okawaru
  2343 | D:4      | Reached skill level 8 in Maces & Flails
  2602 | D:4      | Reached skill level 9 in Maces & Flails
  2633 | D:4      | Reached XP level 7. HP: 35/57 MP: 6/6
  3060 | D:5      | Entered Level 5 of the Dungeon
  3300 | D:5      | Reached skill level 10 in Maces & Flails
  3360 | D:5      | Found Vuisaj's Jewellery Boutique.
  3402 | D:5      | Reached ** piety under Okawaru
  3458 | D:5      | Reached skill level 11 in Maces & Flails
  3458 | D:5      | Reached XP level 8. HP: 6/64 MP: 4/7
  3458 | D:5      | Killed from afar by an orc priest

Levels and vault maps discovered:
D:1:      dpeg_arrival_tiny_a, layout_loops_cross, st_stairs_4,
          okawaru_ov_weapons_minmay
D:2:      layout_basic, old_standard_altar, xom_butterflies, uniq_terence
D:3:      layout_loops_cross, nicolae_overflow_crystal_walls,
          overflow_temple_1_default
D:4:      layout_rooms, lemuel_crystal_altar, kennysheep_opposing_triangles,
          uniq_ijyb
D:5:      layout_basic, first_ration, serial_shops, nicolae_shop_waterfront

Skill      XL: |  1  2  3  4  5  6  7 |
---------------+----------------------+-----
Maces & Flails | 3 4 5 6 7 9 11 | 11.2
Fighting       | |  3.6
Armour         | |  3.6
Shields        | |  3.6

Action                   |  1- 3 |  4- 6 |  7- 9 || total
-------------------------+-------+-------+-------++-------
Melee: Flail             |   100 |   206 |   119 ||   425
       Headbutt          |     9 |    28 |    19 ||    56
Invok: Heroism           |       |       |     1 ||     1
  Use: Scroll            |     4 |     5 |     2 ||    11
       Potion            |     3 |     4 |     1 ||     8
  Eat: Chunk             |       |     6 |     2 ||     8
Armor: Scale mail        |    40 |       |       ||    40
       Chain mail        |    20 |   111 |     7 ||   138
       Plate armour      |       |       |    55 ||    55
Dodge: Dodged            |    23 |    28 |    19 ||    70
Block: Shield            |    49 |    80 |    45 ||   174
